Map: Heavy Artillery LE

Players

drVerhovcev - Winner!

  • Race: Terran Terran
  • Spawn Location: 7:00

Oprichnik - Winner!

  • Race: Terran Terran
  • Spawn Location: 7:00

Nigrnog

  • Race: Zerg Zerg
  • League: Gold
  • Spawn Location: 3:00

MooEsqoo

  • Race: Protoss Protoss
  • Spawn Location: 1:00

VOD

Have the link to the VOD?

Description

Time

  • Played on: Jan. 16, 2020, 10:09 a.m.
  • Length: 16:42
Show
View Real Time Build Order
Export as new Build Order

drVerhovcev Terran - Winner!

Build Orders: 1/1/1, Banshee Rush 

Get SALT Encoding   

  12  0:01  SCV  
  13  0:13  SCV  
  14  0:18  Supply Depot  
  14  0:25  SCV  
  15  0:31  Refinery  
  15  0:42  Barracks  
  15  0:46  SCV  
  16  0:56  Refinery  
  16  1:03  SCV  
  17  1:16  SCV  
  18  1:34  Factory  
  18  1:37  Orbital Command  
  18  1:42  Marine  
  19  2:05  SCV  
  20  2:18  Factory Tech Lab  
  20  2:23  Starport  
  20  2:30  SCV, Starport  
  21  2:40  Supply Depot  
  21  2:42  SCV  
  22  2:54  SCV  
  23  3:11  Starport Tech Lab  
  23  3:12  Banshee  
  23  3:14  Factory Tech Lab, Cloaking Field  
  23  3:17  SCV  
  27  3:24  Supply Depot  
  27  3:29  SCV  
  28  3:37  Banshee  
  31  3:45  SCV  
  31  3:48  Supply Depot  
  32  3:59  Hyperflight Rotors  
  32  4:09  SCV  
  33  4:10  Command Center  
  33  4:23  Fusion Core  
  29  4:46  Viking  
  29  4:47  Viking  
  32  5:48  Battlecruiser  
  38  6:40  Battlecruiser  
  44  6:49  SCV  
  44  6:52  Refinery  
  44  6:54  Refinery  
  45  7:01  SCV  
  46  7:04  Armory  
  46  7:13  SCV  
  47  7:19  Command Center  
  47  7:25  SCV  
  45  8:24  Battlecruiser x2  
  54  8:37  SCV  
  55  8:49  SCV  
  55  8:52  Starport x2  
  56  8:56  Terran Ship Weapons Level 1  
  56  9:00  Armory  
  56  9:02  SCV  
  58  9:14  SCV  
  59  9:20  SCV  
  59  9:30  Starport Tech Lab x2  
  59  9:32  SCV  
  59  9:34  Battlecruiser x2  
  72  9:41  Supply Depot  
  72  9:45  SCV  
  73  9:46  Supply Depot  
  73  9:48  Terran Vehicle And Ship Armor Level 1  
  73  9:54  SCV  
  74  10:06  SCV, Refinery  
  75  10:07  Refinery  
  75  10:13  Battlecruiser  
  81  10:18  SCV  
  82  10:30  SCV  
  82  10:31  SCV  
  84  10:36  SCV  
  84  10:42  SCV  
  86  10:43  SCV  
  86  10:47  Battlecruiser  
  93  10:53  Supply Depot  
  93  10:58  Supply Depot  
  93  11:02  Supply Depot  
  93  11:08  SCV x3  
  96  11:20  SCV  
  96  11:24  Battlecruiser  
  103  11:44  Battlecruiser  
  109  11:52  Orbital Command  
  109  11:58  Terran Ship Weapons Level 2  
  109  12:00  Terran Vehicle And Ship Armor Level 2  
  109  12:51  Battlecruiser  
  109  12:52  Battlecruiser  
  121  13:03  Supply Depot  
  121  13:04  Supply Depot  
  121  13:06  Supply Depot  
  121  13:17  Weapon Refit  
  121  13:25  Battlecruiser x2  
  133  14:00  Battlecruiser  
  133  14:01  Battlecruiser  
  145  14:57  Supply Depot  
  145  14:58  Supply Depot x2  
  145  15:01  Supply Depot  
  145  15:18  Battlecruiser x2  
Show
View Real Time Build Order
Export as new Build Order

Oprichnik Terran - Winner!

Build Orders:  

Get SALT Encoding   

  12  0:01  SCV  
  13  0:18  Supply Depot  
  13  0:19  SCV  
  14  0:29  Refinery  
  14  0:31  SCV  
  15  0:46  Barracks  
  15  0:47  SCV  
  16  1:02  SCV, Barracks  
  17  1:16  Barracks  
  17  1:17  SCV  
  18  1:29  SCV  
  19  1:35  Barracks  
  19  1:40  Marine  
  20  1:51  Marine  
  20  1:53  Engineering Bay  
  21  1:57  Refinery  
  21  1:59  SCV  
  22  2:03  Marine  
  23  2:16  Supply Depot  
  23  2:34  Barracks Reactor  
  23  2:37  Orbital Command, Marine x3  
  26  2:45  Supply Depot  
  26  2:55  Marine  
  25  3:11  Barracks Tech Lab  
  25  3:12  Barracks Reactor  
  24  3:13  Marine x3  
  24  3:17  SCV  
  28  3:25  Terran Infantry Weapons Level 1  
  28  3:31  Marine  
  28  3:32  Barracks Reactor  
  29  3:37  Marine x2  
  31  3:45  Combat Shield  
  31  3:48  Marine  
  31  3:52  Marine x2  
  31  3:55  Marine x2  
  34  3:59  SCV  
  37  4:06  Supply Depot  
  37  4:07  Missile Turret  
  37  4:11  SCV  
  37  4:14  Marine  
  39  4:24  Supply Depot  
  39  4:28  Marine x3  
  39  4:29  Marine x2  
  44  4:52  Marine x7  
  49  4:57  Missile Turret  
  51  5:09  Marine  
  52  5:20  Marine x3  
  55  5:31  Supply Depot  
  55  5:52  Marine x6, Marauder  
  63  6:07  Factory  
  63  6:16  Marine  
  63  6:19  Marine  
  63  6:50  Marine  
  63  6:57  Terran Infantry Armor Level 1  
  63  6:59  Stimpack  
  63  7:00  Factory Tech Lab  
  63  7:24  Marine x7  
  51  7:49  Marine x2  
  51  7:50  Marine x5  
  46  7:57  Command Center  
  46  8:01  Missile Turret  
  46  8:06  Hellion  
  46  8:07  Marine x4  
  46  8:08  Marine x3  
  55  8:25  Marine x5  
  55  8:26  Marine x2  
  62  8:43  Marine  
  63  9:04  Marine x6  
  63  9:05  Hellion  
  63  9:07  Supply Depot  
  63  9:08  Marine, Supply Depot  
  63  9:09  Supply Depot  
  70  9:22  Marine x2  
  69  10:11  Marine x3  
  69  10:12  Marine x4  
  48  10:16  Orbital Command  
  48  10:20  Missile Turret  
  48  10:29  Marine x4  
  52  10:49  Factory  
  52  10:51  Starport  
  52  10:54  Concussive Shells  
  54  10:57  Marine x6, Marauder  
  61  11:11  SCV, Refinery  
  61  11:15  Marine  
  62  11:23  SCV  
  63  11:35  Marine  
  63  11:36  Marine x6  
  51  11:53  Marine x3  
  51  11:54  Marine x3  
  54  11:59  Marine  
  55  12:11  Marine x4  
  55  12:12  Marine x2  
  60  12:17  Marine  
  61  12:29  Marine x6  
  65  12:32  Factory Reactor  
  65  12:35  Marine, Supply Depot  
  68  12:47  Marine x6  
  68  12:50  Cyclone  
  77  12:53  Mag-Field Accelerator, Marine  
  78  13:01  Supply Depot  
  78  13:04  Marine  
  78  13:05  Marine x5  
  83  13:09  Refinery  
  84  13:20  Marine  
  84  13:22  Marine x2  
  84  13:23  Marine x4  
  91  13:38  Marine  
  91  13:40  Marine x4  
  91  13:41  Marine x2  
  97  13:56  Marine  
  97  13:58  Marine x3  
  81  14:19  SCV  
  81  14:22  Starport Reactor  
  82  14:28  Supply Depot  
  80  14:56  Marine  
  80  14:57  Marine x6  
  80  14:59  Cyclone  
  89  15:05  Hellion x2  
  91  15:10  Supply Depot  
  91  15:14  Marine x3  
  91  15:15  Marine x2  
  96  15:27  Hellion x2  
  100  15:32  Cyclone  
  100  15:34  Marine x4  
  100  15:35  Marine x3  
  110  15:52  Marine x5  
  110  15:53  Marine x2  
  117  16:04  Cyclone  
  120  16:10  Marine x3  
Show
View Real Time Build Order
Export as new Build Order

Nigrnog Zerg 

Build Orders: Pool First, Muta Ling Bane 

Get SALT Encoding   

  12  0:03  Drone  
  13  0:14  Overlord  
  13  0:20  Drone  
  14  0:37  Extractor  
  14  0:40  Drone, Spawning Pool  
  13  0:44  Drone  
  14  0:50  Drone  
  14  0:53  Drone  
  16  1:08  Drone  
  17  1:15  Drone  
  18  1:24  Overlord  
  18  1:28  Queen  
  20  1:35  Zergling x2  
  21  1:48  Zergling x2  
  22  2:00  Zergling x2  
  23  2:08  Zergling x2  
  24  2:21  Hatchery  
  23  2:23  Zergling x2  
  23  2:25  Metabolic Boost  
  24  2:30  Drone  
  25  2:40  Lair  
  25  2:47  Roach Warren, Drone  
  25  2:48  Drone x2  
  27  3:12  Zergling x6  
  29  3:13  Overlord  
  29  3:34  Queen  
  31  3:50  Hatchery  
  30  4:01  Drone x7  
  30  4:02  Drone x2  
  39  4:13  Baneling Nest  
  39  4:14  Extractor  
  39  4:17  Drone  
  38  4:30  Spire  
  37  4:45  Infestation Pit  
  36  4:58  Drone x7  
  43  5:10  Baneling x3  
  43  5:11  Baneling x3  
  43  5:17  Drone x4  
  43  5:19  Queen  
  49  5:23  Overlord x2  
  49  5:24  Overlord  
  49  5:29  Extractor  
  49  5:30  Extractor  
  49  5:32  Drone x2  
  49  5:39  Spore Crawler  
  49  5:42  Spore Crawler  
  47  5:44  Spore Crawler  
  43  5:59  Overseer x3  
  43  6:01  Baneling x4  
  43  6:02  Baneling  
  37  6:30  Zergling x14  
  37  6:31  Zergling x8  
  42  6:54  Baneling x5  
  38  6:55  Baneling x6  
  38  6:56  Baneling x2  
  38  7:13  Centrifical Hooks  
  34  7:37  Overlord x5  
  27  8:42  Zergling x10  
  27  8:45  Hatchery  
  31  8:53  Mutalisk  
  33  8:56  Hatchery  
  33  8:59  Hatchery  
  26  9:27  Zergling x12  
  26  9:28  Zergling x2  
  31  9:41  Zergling x2  
  32  9:46  Baneling x2  
  32  9:47  Baneling x4  
  32  9:49  Baneling  
  32  9:51  Baneling  
  32  9:53  Baneling  
  32  9:56  Baneling  
  32  9:59  Baneling  
  28  10:16  Drone x2  
  28  10:17  Drone  
  28  10:20  Drone  
  32  10:35  Drone x2  
  34  10:40  Zergling x2  
  35  10:45  Drone  
  35  10:49  Drone  
  37  10:56  Drone  
  38  11:04  Queen  
  40  11:19  Drone x2  
  40  11:20  Drone x4  
  40  11:23  Zergling x6  
  40  11:24  Zergling x2  
  50  11:25  Zergling x2  
  43  11:49  Drone  
  43  11:50  Drone x8  
  49  12:10  Spore Crawler  
  49  12:11  Spore Crawler  
  47  12:16  Drone x4, Spore Crawler  
  47  12:17  Drone x3  
  48  12:30  Spore Crawler  
  48  12:32  Spore Crawler  
  46  12:39  Mutalisk  
  46  12:40  Corruptor x6  
  46  12:42  Hatchery  
  59  12:46  Corruptor  
  59  12:48  Corruptor  
  63  13:15  Zergling x14  
  70  13:26  Zergling x2  
  23  14:29  Hatchery  
  22  14:36  Drone x3  
  22  14:37  Drone x2  
  13  15:07  Hatchery  
  11  15:33  Hatchery  
Show
View Real Time Build Order
Export as new Build Order

MooEsqoo Protoss 

Build Orders: 1 Gate Expand, Oracle Opening 

Get SALT Encoding   

  12  0:03  Probe  
  13  0:16  Pylon  
  13  0:18  Probe  
  14  0:32  Probe  
  15  0:36  Gateway  
  15  0:47  Probe (Chrono Boost)  
  15  0:48  Assimilator  
  17  0:57  Probe (Chrono Boost)  
  17  1:02  Probe (Chrono Boost)  
  18  1:13  Probe  
  19  1:28  Nexus  
  19  1:35  Assimilator  
  19  1:39  Pylon  
  19  1:50  Cybernetics Core  
  19  1:53  Probe  
  20  2:06  Probe  
  21  2:27  Stargate  
  21  2:28  Stalker (Chrono Boost)  
  21  2:30  Warp Gate  
  21  2:35  Probe  
  24  2:40  Probe  
  25  2:47  Probe  
  26  2:52  Probe  
  26  2:55  Gateway  
  26  2:57  Stalker  
  29  3:11  Probe x2  
  31  3:15  Oracle (Chrono Boost)  
  34  3:23  Probe x2  
  36  3:35  Probe x2  
  36  3:36  Stalker  
  40  3:44  Stalker  
  40  3:47  Probe  
  40  3:48  Probe  
  44  3:59  Probe  
  44  4:00  Probe  
  46  4:09  Assimilator  
  46  4:13  Assimilator  
  46  4:16  Robotics Facility  
  46  4:36  Nexus  
  46  5:03  Probe x2  
  45  5:14  Pylon  
  45  5:15  Probe  
  45  5:17  Pylon  
  45  5:19  Pylon  
  45  5:20  Pylon  
  46  5:21  Pylon  
  46  5:22  Pylon  
  46  5:32  Probe x2  
  43  5:44  Probe  
  44  5:54  Pylon  
  44  5:56  Pylon  
  44  6:01  Probe x2  
  46  6:06  Pylon  
  45  6:13  Probe x2  
  45  6:17  Pylon  
  46  6:28  Observer (Chrono Boost)  
  46  6:31  Pylon  
  46  6:41  Protoss Air Armor Level 1  
  46  6:58  Probe x2  
  48  7:02  Stalker  
  50  7:09  Pylon  
  50  7:10  Probe x2  
  50  7:11  Pylon  
  42  7:48  Pylon  
  42  7:49  Pylon  
  42  7:57  Pylon  
  42  8:10  Stalker  
  42  8:22  Stalker  
  42  8:25  Probe x2  
  46  8:29  Phoenix  
  48  8:37  Probe  
  48  8:38  Probe  
  48  8:39  Probe  
  51  8:44  Assimilator  
  51  8:50  Probe x2  
  51  8:52  Probe  
  51  8:53  Twilight Council  
  51  8:55  Fleet Beacon  
  54  8:58  Forge  
  54  9:04  Probe  
  54  9:05  Probe x2  
  57  9:14  Stalker x2  
  57  9:16  Probe  
  62  9:17  Probe x2  
  62  9:25  Void Ray (Chrono Boost)  
  62  9:27  Protoss Ground Weapons Level 1 (Chrono Boost)  
  69  9:35  Charge  
  67  9:43  Shield Battery  
  42  10:00  Stalker  
  44  10:18  Nexus  
  44  10:20  Pylon  
  44  10:23  Pylon  
  44  10:27  Pylon  
  44  10:40  Assimilator  
  44  10:42  Probe x2  
  46  10:49  Stalker  
  48  10:54  Probe x2  
  50  11:00  Shield Battery  
  50  11:05  Shield Battery  
  50  11:06  Probe x2  
  50  11:09  Oracle  
  55  11:17  Stalker x2  
  57  11:28  Templar Archives  
  57  11:53  Gateway x2  
  57  11:56  Gateway  
  57  11:58  Gateway, Probe x2  
  57  11:59  Probe  
  57  12:00  Gateway  
  59  12:10  Probe x2  
  59  12:11  Probe  
  63  12:22  Probe  
  46  12:48  High Templar x4  
  37  12:57  Probe  
  37  12:58  Probe  
  39  13:01  Archon x2  
  39  13:09  Probe  
  39  13:10  Probe  
  41  13:22  Probe  
  42  13:33  Probe  
  42  13:34  Probe  
  44  13:35  Void Ray  
  44  13:38  High Templar x2  
  44  13:39  High Templar x4  
  44  13:40  High Templar  
  62  13:45  Probe, Archon  
  63  13:51  Archon x2  
  53  14:23  High Templar x2  
  53  14:24  High Templar x3  
  59  14:26  Zealot  
  59  14:28  Archon  
  59  14:29  Archon  
  51  14:57  Gateway  
  51  14:58  Gateway  
  51  15:00  Gateway  
  9  15:38  Nexus  
  9  15:42  Assimilator  
  2  15:47  Assimilator  
  2  15:51  Pylon  
  2  15:52  Pylon  
Tags
 
Add a new tag
Caveats
  • Supply blocks, unpowered buildings, or Contaminate may cause inaccurate times.
  • Supply counts are checked every 10 seconds.